 Seeded DCSS version 0.30-a0-469-g84de5afbc5 (webtiles) character file.

Game seed: 12328488355661921622 (custom seed)

728462 purpskrrrp the Skullcrusher (level 27, -15/273 HPs)
             Began as a Minotaur Fighter on Dec 19, 2022.
             Was the Champion of Qazlal.
             Demolished by a +3 demon blade of distortion (22 damage)
             ... in Pandemonium.
             The game lasted 03:57:30 (83715 turns).

purpskrrrp the Skullcrusher (Minotaur Fighter)     Turns: 83715, Time: 03:57:31

Health: -15/273    AC: 33    Str: 63    XL:     27
Magic:  21/34      EV: 17    Int:  8    God:    Qazlal [******]
Gold:   9045       SH: 41    Dex: 15    Spells: 22/26 levels left

rFire   + . .      SeeInvis .    c - +9 eveningstar (holy)
rCold   + + .      Faith    .    y - +8 tower shield
rNeg    + + +      Spirit   .    g - +6 plate armour of Shielding {Int+8 Dex+3 Stlth-}
rPois   +          Reflect  .    t - +2 hat
rElec   +          Harm     .    D - scarf {rC+ rF+}
rCorr   +          Rampage  .    N - +1 pair of gloves of a wizard's laboratory {Contam rC+ rCorr Dex+4}
Will    +++..                    I - +0 pair of boots "Wymifiur" {rF- rN++ Str+8 Int-4}
Stlth   ..........               P - amulet "Neroucat" {RegenMP Fly Will+ Str+5 Stlth-}
HPRegen 0.65/turn                a - +6 ring of strength
MPRegen 0.64/turn                V - ring of Dithmenos's Supremacy {rElec rPois rN+ Str+6}

@: lethally poisoned (-15 -> -20), protected from physical damage, flying,
studying Evocations, invisible, repel missiles
A: horns 2, retaliatory headbutt, iridescent scales 1, clumsy 1, deformed body,
deterioration 1, fire resistance 1, screaming 1, strong 1, subdued magic 1
}: 5/15 runes: barnacled, slimy, silver, abyssal, gossamer
a: Renounce Religion, Upheaval, Elemental Force, Disaster Area


You were in Pandemonium.
You worshipped Qazlal.
Qazlal was exalted by your worship.
You visited 11 branches of the dungeon, and saw 51 of its levels.
You visited Pandemonium 1 time, and saw 3 of its levels.
You visited the Abyss 5 times.
You visited 1 bazaar.
You visited 1 ziggurat, and saw 7 of its levels.
You also visited: Trove, Sewer, Volcano and Wizlab.

You collected 12227 gold pieces.
You spent 3182 gold pieces at shops.

Inventory:

Hand Weapons
 c - a +9 eveningstar of holy wrath (weapon)
 s - the +8 whip "Snakebite" {venom, curare, rPois}
   (You found it on level 3 of the Dungeon)

   It poisons the flesh of those it strikes.
   It occasionally inflicts asphyxiating poison on those it strikes, dealing
   poison damage and causing slowness.
   rPois:     It protects you from poison.
Missiles
 u - 7 throwing nets
 B - 16 atropa-tipped darts
 L - 8 curare-tipped darts
 W - 9 silver boomerangs (quivered)
Armour
 g - the +6 plate armour of Shielding (worn) {Int+8 Dex+3 Stlth-}
   (You found it on level 13 of the Dungeon)

   Int:       It affects your intelligence (+8).
   Dex:       It affects your dexterity (+3).
   Stlth:     It makes you less stealthy.
 t - a +2 hat (worn)
 y - a +8 tower shield (worn)
 D - a scarf of resistance (worn)
 F - +2 gold dragon scales
 I - the +0 pair of boots "Wymifiur" (worn) {rF- rN++ Str+8 Int-4}
   (You found it in a treasure trove)

   Str:       It affects your strength (+8).
   Int:       It affects your intelligence (-4).
   rF:        It makes you vulnerable to fire.
   rN:        It greatly protects you from negative energy.
 N - the +1 pair of gloves of a wizard's laboratory (worn) {Contam rC+ rCorr Dex+4}
   (You found it in a treasure trove)

   Dex:       It affects your dexterity (+4).
   rC:        It protects you from cold.
   Contam:    It causes magical contamination when unequipped.
   rCorr:     It protects you from acid and corrosion.
Jewellery
 a - a +6 ring of strength (left hand)
 d - a +6 ring of dexterity
 e - an amulet of faith
 P - the amulet "Neroucat" (around neck) {RegenMP Fly Will+ Str+5 Stlth-}
   (You found it on level 4 of the Shoals)

   [amulet of magic regeneration]

   It increases your rate of magic regeneration.
   Str:       It affects your strength (+5).
   Fly:       It grants you flight.
   Will:      It increases your willpower.
   Stlth:     It makes you less stealthy.
 U - a ring of see invisible
 V - the ring of Dithmenos's Supremacy (right hand) {rElec rPois rN+ Str+6}
   (You took it off a vault sentinel on level 5 of the Vaults)

   [ring of strength]

   Str:       It affects your strength (+6).
   rElec:     It insulates you from electricity.
   rPois:     It protects you from poison.
   rN:        It protects you from negative energy.
Wands
 l - a wand of quicksilver (33)
 p - a wand of paralysis (10)
 q - a wand of digging (36)
 r - a wand of mindburst (14)
 z - a wand of flame (119)
 A - a wand of iceblast (29)
Scrolls
 h - 10 scrolls of teleportation
 i - 9 scrolls of silence
 j - 12 scrolls of immolation
 w - 4 scrolls of brand weapon
 C - 9 scrolls of fear
 K - 10 scrolls of magic mapping
 O - 14 scrolls of fog
 Q - 2 scrolls of enchant weapon
 T - 10 scrolls of poison
 X - 2 scrolls of blinking
Potions
 b - 6 potions of haste
 f - 8 potions of might
 m - 10 potions of ambrosia
 v - 5 potions of heal wounds
 x - 3 potions of resistance
 E - 5 potions of berserk rage
 G - 7 potions of cancellation
 J - 13 potions of curing
 M - 7 potions of mutation
 R - 3 potions of invisibility
Miscellaneous
 S - the horn of Geryon


   Skills:
 O Level 27 Fighting
 O Level 27 Maces & Flails
 - Level 22.5 Throwing
 * Level 22.4 Armour
 + Level 14.1 Dodging
 O Level 27 Shields
 - Level 17.8 Invocations
 + Level 10.0 Evocations


You had 22 spell levels left.
You knew the following spells:

 Your Spells              Type           Power      Damage    Failure   Level
a - Manifold Assault      Tloc           0%         N/A       100%        4

Your spell library contained the following spells:

 Spells                   Type           Power      Damage    Failure   Level
 Apportation              Tloc           0%         N/A       58%         1
 Beastly Appendage        Tmut           0%         N/A       58%         1
 Foxfire                  Conj/Fire      0%         2x1d4     58%         1
 Kiss of Death            Conj/Necr      0%         2d5       58%         1
 Magic Dart               Conj           0%         1d3       58%         1
 Necrotise                Necr           0%         1d4       58%         1
 Sandblast                Erth           0%         2d4       58%         1
 Shock                    Conj/Air       0%         1d3       58%         1
 Slow                     Hex            0%         N/A       58%         1
 Sting                    Tmut/Pois      0%         1d3       58%         1
 Summon Small Mammal      Summ           0%         N/A       58%         1
 Blink                    Tloc           0%         N/A       73%         2
 Call Imp                 Summ           0%         N/A       73%         2
 Cigotuvi's Dreadful Rot  Necr/Pois/Air  0%         N/A       73%         2
 Momentum Strike          Conj/Tloc      0%         3d8       73%         2
 Passwall                 Tmut/Erth      0%         N/A       73%         2
 Poisonous Vapours        Pois/Air       0%         N/A       73%         2
 Searing Ray              Conj           0%         2d4       73%         2
 Static Discharge         Conj/Air       0%         2-2/arc   73%         2
 Sublimation of Blood     Necr           0%         N/A       73%         2
 Wereblood                Tmut           0%         N/A       73%         2
 Call Canine Familiar     Summ           0%         N/A       92%         3
 Confusing Touch          Hex            0%         N/A       92%         3
 Frozen Ramparts          Ice            0%         1d1       92%         3
 Gell's Gravitas          Tloc           0%         N/A       92%         3
 Hailstorm                Conj/Ice       0%         3d3       92%         3
 Ignite Poison            Fire/Tmut/Pois 0%         N/A       92%         3
 Inner Flame              Hex/Fire       0%         N/A       92%         3
 Kindle Blastsparks       Fire/Tloc/Air  0%         2d10      92%         3
 Lesser Beckoning         Tloc           0%         N/A       92%         3
 Mephitic Cloud           Conj/Pois/Air  0%         N/A       92%         3
 Spider Form              Tmut/Pois      0%         N/A       92%         3
 Summon Guardian Golem    Hex/Summ       0%         N/A       92%         3
 Swiftness                Air            0%         N/A       92%         3
 Teleport Other           Tloc           0%         N/A       92%         3
 Tukima's Dance           Hex            0%         N/A       92%         3
 Vampiric Draining        Necr           0%         2d6       92%         3
 Vhi's Electric Charge    Tloc/Air       0%         N/A       92%         3
 Airstrike                Air            0%         2d(0-16)  100%        4
 Anguish                  Hex/Necr       0%         N/A       100%        4
 Animate Armour           Summ/Erth      0%         N/A       100%        4
 Cause Fear               Hex            0%         N/A       100%        4
 Dispel Undead            Necr           0%         3d6       100%        4
 Flame Wave               Conj/Fire      0%         2d4       100%        4
 Fulminant Prism          Conj/Hex       0%         3d5       100%        4
 Ice Form                 Ice/Tmut       0%         N/A       100%        4
 Leda's Liquefaction      Hex/Erth       0%         N/A       100%        4
 Passage of Golubria      Tloc           0%         N/A       100%        4
 Petrify                  Tmut/Erth      0%         N/A       100%        4
 Sticky Flame             Conj/Fire      0%         2d3       100%        4
 Summon Ice Beast         Ice/Summ       0%         N/A       100%        4
 Summon Lightning Spire   Summ/Air       0%         N/A       100%        4
 Alistair's Intoxication  Tmut/Pois      0%         N/A       100%        5
 Arcjolt                  Conj/Air       0%         1d10      100%        5
 Borgnjor's Vile Clutch   Necr/Erth      0%         N/A       100%        5
 Freezing Cloud           Conj/Ice/Air   0%         6-21      100%        5
 Irradiate                Conj/Tmut      0%         3d11      100%        5
 Lee's Rapid Deconstruct  Erth           0%         3d4*      100%        5
 Lightning Bolt           Conj/Air       0%         1d11      100%        5
 Silence                  Hex/Air        0%         N/A       100%        5
 Summon Mana Viper        Hex/Summ       0%         N/A       100%        5
 Yara's Violent Unravell  Hex/Tmut       0%         3d3       100%        5
 Death Channel            Necr           0%         N/A       100%        6
 Dispersal                Tloc           0%         N/A       100%        6
 Eringya's Noxious Bog    Tmut/Pois      0%         N/A       100%        6
 Simulacrum               Ice/Necr       0%         N/A       100%        6
 Statue Form              Tmut/Erth      0%         N/A       100%        6
 Enfeeble                 Hex            0%         N/A       100%        7
 Monstrous Menagerie      Summ           0%         N/A       100%        7
 Orb of Destruction       Conj           0%         9d5       100%        7
 Spellforged Servitor     Conj/Summ      0%         N/A       100%        7
 Storm Form               Tmut/Air       0%         N/A       100%        7
 Summon Hydra             Summ           0%         N/A       100%        7
 Borgnjor's Revivificati  Necr           0%         N/A       100%        8
 Discord                  Hex            0%         N/A       100%        8
 Disjunction              Tloc           0%         N/A       100%        8
 Ignition                 Fire           0%         3d3       100%        8
 Lehudib's Crystal Spear  Conj/Erth      0%         10d2      100%        8
 Necromutation            Tmut/Necr      0%         N/A       100%        8
 Death's Door             Necr           0%         N/A       100%        9
 Dragon's Call            Summ           0%         N/A       100%        9
 Polar Vortex             Ice            0%         N/A       100%        9


Dungeon Overview and Level Annotations

Branches:
Dungeon (15/15)            Temple (0/1) D:4            Lair (5/5) D:9
 Shoals (4/4) Lair:3       Spider (4/4) Lair:3        Slime (5/5) Lair:5
    Orc (2/2) D:11            Elf (3/3) Orc:2        Vaults (5/5) D:13
  Crypt (3/3) Vaults:2       Tomb (0/3) Crypt:3      Depths (4/4) D:15
   Hell (visited)             Dis (0/7) Hell            Geh (0/7) Hell
    Coc (0/7) Hell            Tar (0/7) Hell            Zot (0/5) Depths:4
  Sewer (visited)         Volcano (visited)          WizLab (visited)

Altars:
Kikubaaqudgha
Makhleb
Nemelex Xobeh
Qazlal
Sif Muna
Xom
The Shining One
Jiyva

Shops:
D:1 *   D:4 (   D:7 [   D:10 [   D:12 (   Orc:1 !   Orc:2 [(?!:   Shoals:1 !
Vaults:2 [   Vaults:3 [   Depths:1 *=:=

Portals:
Hell: Depths:1 Depths:2 Depths:3 Depths:4
Abyss: Depths:3
Pandemonium: Depths:2 Depths:3


Innate Abilities, Weirdness & Mutations

You have a pair of horns on your head.
You reflexively headbutt those who attack you in melee.
You are partially covered in iridescent scales. (AC +2)
You are clumsy. (Dex -2)
Armour fits poorly on your strangely shaped body.
Your body sometimes deteriorates upon taking damage.
Your flesh is heat resistant. (rF+)
You occasionally shout uncontrollably at your foes.
Your muscles are strong. (Str +4, Int/Dex -1)
Your spells are a little easier to cast, but a little less powerful.


Message History

You blink.
A hellwing comes into view.
Found a scroll of identify.
The golden dragon breathes poison at you.
A green death comes into view.
The hellwing gives a chilling moan.
You hear a shout!
The ancient champion points at you and mumbles some strange words.
The iron shot hits the rakshasa!!!
The rakshasa dies!
The rakshasa shimmers and vanishes! x2
The +3 demon blade of distortion is engulfed in freezing vapours.
The hellwing barely misses you. You furiously retaliate!
You headbutt the hellwing. You block the hellwing's attack.
The Ice Fiend calls on the powers of darkness!
Your body is wracked with pain!
* * * LOW HITPOINT WARNING * * *
The orange demon is engulfed in blazing flames.
You block the orange demon's attack. x2
You hear a shout! x2
The green death gestures at you.
The blast of poison engulfs you but does no damage.
You are poisoned.
You resist.
The orange demon is engulfed in blazing flames.
You block the orange demon's attack. You block the hellwing's attack. x2
You puncture the hellwing!
The hellwing convulses!
The hellwing is moderately wounded.
You feel very sick.
You hear a chilling moan.
You skewer the hellwing like a kebab!!!
You kill the hellwing!
Qazlal accepts your kill.
You feel sick.
You block the +3 demon blade of distortion's attack.
The orange demon is engulfed in blazing flames.
You block the orange demon's attack.
The +3 demon blade of distortion hits you!
* * * LOW HITPOINT WARNING * * *
Space warps horribly around you!!
You die...

....≈...#..#.#.
...............#.......
..≈...≈.[......#..#.#.#.
≈6...X...≈..............
........................
.≈.......)..☼.○8.☼......
.≈≈.6..)...°○○§°○☼§.....
..?!....6..°°○4(☼°......
..)...)..[☼☼§☼○#@○#####
....≈...○..§.(.#2☼#
)......D...z...#○§#
..E.......)(...#.☼.
####################


You could see a green death, an orange demon (unable to see you) and a +3 demon
blade of distortion (strong, unable to see you).

Vanquished Creatures
  the Royal Jelly (Slime:5)
  Dissolution (Slime:2)
  3 dread liches
  2 ancient liches
  A juggernaut (Abyss:3)
  2 royal mummies
  A Killer Klown (Zig:5)
  Bai Suzhen (Shoals:3)
  Geryon (Hell)
  4 caustic shrikes (Depths:3)
  6 golden dragons
  A doom hound (Zig:3)
  4 bone dragons
  A Brimstone Fiend (Pan)
  3 pandemonium lords (Pan)
  A Tzitzimitl (Pan)
  A hellephant (Hell)
  5 tentacled monstrosities
  2 Ice Fiends (Pan)
  6 liches
  3 quicksilver dragons
  5 deep elf blademasters
  4 deep elf master archers (Elf:3)
  Asterion (Elf:2)
  4 titans
  Murray (Depths:4)
  2 walking frostbound tomes (Depths:3)
  17 acid blobs
  4 Executioners
  5 ancient champions
  4 tentacled starspawn (Abyss:3)
  Polyphemus (Shoals:2)
  10 sphinxes
  Agnes (Elf:1)
  3 storm dragons
  A sphinx (shapeshifter) (Vaults:3)
  9 rockslimes
  6 shadow dragons
  4 revenants
  8 tengu reavers
  A draconian monk (Depths:4)
  A daeva (Abyss:3)
  3 demonspawn warmongers (Pan)
  A fenstrider witch (shapeshifter) (Zig:5)
  24 vault wardens
  8 frost giants
  17 azure jellies
  2 emperor scorpions
  5 cacodemons (Pan)
  10 fire giants
  6 ghost moths
  7 deep elf sorcerers
  A juggernaut zombie (Crypt:2)
  5 iron dragons
  Louise (Elf:3)
  Aizul (Vaults:2)
  18 balrugs
  A draconian shifter (Depths:4)
  A curse skull (Crypt:2)
  4 spriggan defenders
  7 ghouls
  18 ironbound preservers
  2 deep elf elementalists (Elf:3)
  3 war gargoyles
  2 broodmothers
  2 angels (Abyss:3)
  A juggernaut skeleton (Zig:7)
  10 stone giants
  2 orc warlords
  7 reapers
  7 ironbound thunderhulks
  4 demonspawn blood saints (Pan)
  30 very ugly things
  15 quicksilver oozes
  4 demonspawn corrupters
  2 caustic shrike skeletons
  Nessos (Lair:3)
  13 vampire knights
  2 ophanim (Abyss:3)
  5 deep elf demonologists
  A demonspawn black sun (Pan)
  4 putrid mouths (Zig:3)
  A purple draconian (Depths:4)
  A bunyip (Zig:6)
  4 lorocyprocas
  8 deep elf annihilators
  A bunyip (shapeshifter) (Elf:3)
  A yellow draconian (Depths:4)
  A red draconian (Depths:4)
  A black draconian (Depths:4)
  8 blizzard demons
  16 spark wasps
  5 eidola
  12 ettins
  The ghost of Tutadwiozxu the Fighter, a journeyman DsDe of Gozag (Lair:3)
  6 deep elf death magi
  3 merfolk javelineers (Shoals:4)
  5 mummy priests
  2 green deaths
  4 merfolk impalers
  7 fire dragons
  10 yaktaur captains
  11 entropy weavers
  10 jiangshi
  9 deep elf high priests
  14 great orbs of eyes
  5 ice dragons
  2 hell beasts
  5 rakshasas
  A quicksilver dragon skeleton (Crypt:1)
  43 vault guards
  3 ogre magi
  6 jorogumos
  A spriggan skeleton (Crypt:1)
  8 spriggan air magi
  3 ghost crabs (Zig:6)
  A fenstrider witch zombie (Crypt:1)
  2 catoblepae
  10 two-headed ogres
  5 hydras
  13 boulder beetles
  A radroach (Spider:4)
  4 merfolk avatars
  3 death knights
  2 satyrs (Shoals:4)
  11 centaur warriors
  13 ironbound frosthearts
  A two-headed ogre (shapeshifter) (Zig:1)
  5 merfolk aquamancers
  The ghost of JoshKwa the Cleaver, a novice DgFi (D:9)
  7 deep troll shamans
  17 tengu warriors
  2 fenstrider witch skeletons
  8 deep troll earth magi
  31 dancing weapons
  5 death yaks
  A titan zombie (Crypt:3)
  An alligator (Zig:6)
  7 thrashing horrors
  14 spriggan berserkers
  7 hell hogs
  Nergalle (Lair:2)
  5 orc high priests
  25 soul eaters
  6 vampire magi
  Amaemon (D:9)
  42 sun demons
  A titan skeleton (Crypt:2)
  The ghost of ryw the Grappler, a novice TrGl of Ru (D:7)
  Sonja (Lair:2)
  3 hell knights
  A wretched star (Abyss:3)
  A fire crab (Volcano)
  A storm dragon skeleton (Crypt:1)
  13 deep elf knights
  12 pharaoh ants
  5 shadow wraiths
  10 iron trolls
  A salamander mystic (Depths:3)
  Lodul (D:13)
  6 sixfirhies
  16 skeletal warriors
  2 spriggan druids (WizLab)
  5 orb spiders
  A spark wasp zombie (Zig:7)
  A sun moth (Spider:4)
  A spriggan simulacrum (Crypt:1)
  6 flayed ghosts
  2 quicksilver dragon simulacra (Depths:2)
  7 glowing orange brains
  8 sea snakes
  2 cherubim (Abyss:3)
  3 steelbarb worms
  3 bog bodies (Crypt:3)
  50 deep trolls
  A bunyip skeleton (Crypt:1)
  An orange crystal statue (Zig:6)
  11 orc knights
  A shadow dragon zombie (Crypt:2)
  2 swamp dragons (Zig:6)
  2 anaconda skeletons (Crypt:1)
  20 phantasmal warriors
  2 obsidian statues (Zig:6)
  9 deep elf archers
  11 wizards
  22 deep elf zephyrmancers
  8 lindwurms
  A tengu skeleton (Zig:7)
  19 ironbound convokers
  A golden dragon skeleton (Depths:2)
  42 deep elf pyromancers
  24 harpies
  8 necromancers
  10 orc sorcerers
  7 fauns
  A sphinx zombie (Depths:2)
  24 wolf spiders
  35 ugly things
  7 worldbinders
  5 salamanders (Depths:3)
  A faun (shapeshifter) (Vaults:4)
  14 manticores
  5 shining eyes
  A moth of wrath (shapeshifter) (Vaults:5)
  17 merfolk sirens
  A moth of wrath (Spider:2)
  A black mamba (shapeshifter) (Depths:3)
  4 elephants (Lair:5)
  A guardian serpent (Vaults:3)
  3 centaur zombies
  20 vault sentinels
  6 cyclopes
  A frost giant skeleton (Zig:4)
  3 stone giant skeletons
  3 rust devils
  2 black mambas
  4 ice statues
  A fire giant skeleton (Depths:2)
  3 eyes of devastation
  10 cane toads
  19 smoke demons
  8 torpor snails
  A naga skeleton (Crypt:2)
  2 apocalypse crabs (Zig:5)
  5 molten gargoyles (Hell)
  7 water nymphs
  Maggie (D:10)
  A gargoyle (D:12)
  7 orange demons
  10 hellions
  4 rime drakes
  5 centaur skeletons
  17 demonic crawlers
  A steelbarb worm zombie (Crypt:3)
  35 yaktaurs
  12 komodo dragons
  8 hellwings
  5 freezing wraiths
  A pale draconian skeleton (Crypt:2)
  An unseen horror (D:10)
  An anaconda simulacrum (Hell)
  A bunyip simulacrum (Crypt:2)
  4 tormentors (Pan)
  6 ice devils
  7 tengu conjurers
  A catoblepas skeleton (Abyss:3)
  44 guardian mummies
  13 trolls
  A red devil (Pan)
  A sea snake skeleton (Crypt:3)
  6 harpy zombies
  A tyrant leech (Abyss:2)
  A shadow dragon simulacrum (Crypt:1)
  5 ancient zymes (Abyss:3)
  6 wind drakes
  4 meliai
  8 polar bears
  26 tarantellas
  27 merfolk
  A hydra zombie (Crypt:2)
  Prince Ribbit (D:6)
  A harpy skeleton (Crypt:1)
  9 snapping turtles
  21 blink frogs
  111 slime creatures
  9 hornets
  6 raiju
  A frost giant simulacrum (Depths:2)
  41 jumping spiders
  4 flying skulls
  22 dream sheep
  An ettin zombie (Crypt:2)
  8 ynoxinuls
  15 spriggans
  2 shadows
  An ettin skeleton (Abyss:3)
  20 culicivoras
  10 ushabtiu
  4 air elementals
  An alligator skeleton (Crypt:3)
  A vampire (D:7)
  9 wraiths
  5 wyverns
  30 yaks
  A fire elemental (Elf:3)
  4 fire bats (Volcano)
  11 water elementals
  9 basilisks
  The ghost of freelancePsychic the Trooper, an amateur BaFi (D:3)
  11 golden eyes
  60 redbacks
  6 chaos spawn
  8 neqoxecs
  2 steam dragons (Volcano)
  3 wargs
  4 harpy simulacra
  14 large abominations
  3 acid dragons
  A merfolk skeleton (Crypt:2)
  7 hell hounds
  14 water moccasins
  A floating eye (shapeshifter) (Depths:4)
  A demonspawn skeleton (Hell)
  6 black bears
  28 orc warriors
  2 ice beasts
  16 ogres
  2 sky beasts (D:7)
  21 wolves
  An ettin simulacrum (Depths:2)
  15 boggarts
  22 centaurs
  A manticore zombie (Shoals:4)
  A tengu (shapeshifter) (D:15)
  A swamp dragon skeleton (Crypt:1)
  A kobold brigand (D:7)
  19 bullfrogs
  An elf zombie (Crypt:3)
  11 necrophages
  A draconian skeleton (Crypt:1)
  A gnoll sergeant (D:8)
  5 earth elementals
  4 scorpions
  11 small abominations
  14 wights
  A polar bear zombie (Crypt:2)
  14 killer bees
  A queen bee zombie (Crypt:1)
  5 howler monkeys
  A shapeshifter skeleton (Crypt:2)
  3 electric eels (Lair:3)
  29 starcursed masses
  5 jellies
  19 orc priests
  Terence (D:2)
  4 hounds
  2 iron imps
  2 iguanas
  10 hell rats
  21 orc wizards
  An acid dragon zombie (Crypt:3)
  A deep dwarf zombie (Crypt:1)
  A boggart simulacrum (D:15)
  26 mummies
  2 howler monkey skeletons
  An adder (D:2)
  11 gnolls
  A swamp drake skeleton (Crypt:1)
  4 white imps
  2 ufetubi
  2 worms
  A dart slug (D:1)
  60 orcs
  9 ball pythons
  A bat (D:1)
  A bat skeleton (Crypt:3)
  3 endoplasms
  15 giant cockroaches
  10 goblins
  8 hobgoblins
  11 jackals
  26 kobolds
  11 quokkas
  15 frilled lizards
  5 rats
  A lurking horror (Abyss:2)
  2 starspawn tentacles
2749 creatures vanquished.

Vanquished Creatures (collateral kills)
  A deep elf master archer (Elf:3)
  An acid blob (Slime:3)
  An Executioner (Pan)
  2 emperor scorpions (Spider:4)
  A demonspawn corrupter (Pan)
  An ironbound preserver (Vaults:2)
  A reaper (Hell)
  2 very ugly things
  2 vampire knights (Depths:1)
  A mummy priest (Crypt:3)
  A merfolk impaler (Shoals:4)
  A yaktaur captain (Vaults:5)
  2 dancing weapons (Elf:2)
  2 hell hogs (Hell)
  A sun demon (Hell)
  An iron troll (Depths:2)
  A skeletal warrior (Crypt:2)
  2 large abominations
  An ironbound convoker (Vaults:2)
  A deep elf archer (Elf:3)
  A deep elf pyromancer (Elf:2)
  A shining eye (Slime:3)
  A manticore (D:14)
  A vault sentinel (Vaults:2)
  An eye of devastation (Slime:3)
  2 yaktaurs (D:14)
  An ice devil (Hell)
  A harpy zombie (Shoals:4)
  A merfolk (Shoals:4)
  7 slime creatures (Slime:3)
  A culicivora (Spider:4)
  A fire elemental (Elf:3)
  An orc wizard (Orc:2)
  A starspawn tentacle (Pan)
47 creatures vanquished.

Vanquished Creatures (others)
  An Executioner (Pan)
  A vault warden (Vaults:1)
  A demonspawn corrupter (WizLab)
  A demonspawn blood saint (Pan)
  A rakshasa (Pan)
  A vault guard (Vaults:5)
  A merfolk avatar (Shoals:4)
  A deep elf knight (Elf:3)
  A merfolk (Shoals:4)
  A culicivora (Spider:2)
  2 ettin simulacra (Depths:2)
  An orc (D:13)
  A demonic plant (Abyss:3)
  2 foxfires (Zig:6)
  11 fungi
  61 plants
  11 starspawn tentacles
99 creatures vanquished.

Grand Total: 2895 creatures vanquished

Notes
Turn   | Place    | Note
-------+----------+-------------------------------------------
     0 | D:1      | purpskrrrp the Minotaur Fighter began the quest for the
                  | Orb.
     0 | D:1      | Reached XP level 1. HP: 19/19 MP: 0/0
   156 | D:1      | Reached XP level 2. HP: 24/27 MP: 1/1
   303 | D:1      | Found Oreesuk's General Store.
   338 | D:1      | Reached XP level 3. HP: 31/33 MP: 2/2
   807 | D:2      | Noticed Terence
   819 | D:2      | Killed Terence
   820 | D:2      | Reached XP level 4. HP: 15/41 MP: 3/3
  1508 | D:3      | Found a runed translucent door.
  1533 | D:3      | Found a stormy altar of Qazlal.
  1597 | D:3      | Found the +8 whip "Snakebite" {venom, curare, rPois}
  1689 | D:3      | Reached skill level 5 in Fighting
  1689 | D:3      | Reached XP level 5. HP: 38/48 MP: 4/4
  1994 | D:3      | Noticed freelancePsychic's ghost (amateur BaFi)
  2006 | D:3      | Killed freelancePsychic's ghost
  2007 | D:3      | Reached skill level 5 in Maces & Flails
  2007 | D:3      | Reached XP level 6. HP: 29/57 MP: 5/5
  2150 | D:3      | Became a worshipper of Qazlal Stormbringer
  2209 | D:4      | Reached skill level 5 in Shields
  2223 | D:4      | Found Des Baps's Antique Weapon Emporium.
  2231 | D:4      | Reached skill level 5 in Armour
  2255 | D:4      | Found a staircase to the Ecumenical Temple.
  2959 | D:5      | Entered Level 5 of the Dungeon
  2959 | D:5      | Noticed a water moccasin
  2967 | D:5      | Reached skill level 1 in Invocations
  2967 | D:5      | Reached XP level 7. HP: 56/63 MP: 6/6
  3318 | D:5      | Reached XP level 8. HP: 56/73 MP: 8/8
  3654 | D:6      | Noticed Prince Ribbit
  3656 | D:6      | Found a glowing drain.
  3664 | D:6      | Reached * piety under Qazlal
  3667 | D:6      | Killed Prince Ribbit
  3697 | Sewer    | Entered a sewer
  3954 | Sewer    | Reached ** piety under Qazlal
  4064 | D:6      | Reached skill level 1 in Throwing
  4249 | D:6      | Reached XP level 9. HP: 74/82 MP: 10/10
  4618 | D:6      | Reached skill level 5 in Throwing
  4853 | D:7      | Reached *** piety under Qazlal
  4994 | D:7      | Found Higolaxo's Antique Armour Shoppe.
  5010 | D:7      | Bought a runed chain mail for 225 gold pieces
  5545 | D:7      | Reached skill level 5 in Invocations
  5870 | D:7      | Found a runed translucent door.
  5871 | D:7      | Noticed ryw's ghost (novice TrGl)
  6374 | D:8      | Reached XP level 10. HP: 91/91 MP: 12/12
  6420 | D:8      | Reached **** piety under Qazlal
  7420 | D:9      | Reached skill level 10 in Fighting
  7421 | D:9      | Noticed Amaemon
  7426 | D:9      | Noticed an orange demon
  7438 | D:9      | Killed Amaemon
  7439 | D:9      | Reached skill level 10 in Throwing
  7441 | D:9      | Killed an orange demon
  7501 | D:9      | Found a transporter.
  7503 | D:9      | Noticed JoshKwa's ghost (novice DgFi)
  7515 | D:9      | Noticed an ice statue
  7527 | D:9      | Found a transporter.
  7783 | D:9      | Found a staircase to the Lair.
  7852 | D:9      | Noticed a boulder beetle
  7861 | D:9      | Killed a boulder beetle
  7862 | D:9      | Reached skill level 10 in Maces & Flails
  8247 | D:9      | Noticed a cyclops
  8251 | D:9      | Killed a cyclops
  8347 | D:10     | Entered Level 10 of the Dungeon
  8417 | D:10     | Reached XP level 11. HP: 85/101 MP: 14/14
  8420 | D:10     | Noticed Maggie
  8770 | D:10     | Killed Maggie
  8853 | D:10     | Found Ifiog's Armour Boutique.
  8977 | D:10     | Found a shimmering blue altar of Sif Muna.
  9014 | D:10     | Got Sif Muna's Compilation of Bolts
  9016 | D:10     | Got Sif Muna's Exposition on Blight
  9018 | D:10     | Got Sif Muna's Guide on Outbursts and Fire
  9244 | D:1      | Gained mutation: You are partially covered in iridescent
                  | scales. (AC +2) [potion of mutation]
  9244 | D:1      | Gained mutation: You have sharp fingernails. [potion of
                  | mutation]
  9244 | D:1      | Gained mutation: You have sharp toenails. [potion of
                  | mutation]
  9433 | D:11     | Noticed a two-headed ogre
  9440 | D:11     | Killed a two-headed ogre
  9600 | D:11     | Found an ancient bone altar of Kikubaaqudgha.
  9735 | D:11     | Found a staircase to the Orcish Mines.
  9903 | D:11     | Noticed a boulder beetle
  9913 | D:11     | Killed a boulder beetle
 10453 | D:12     | Noticed a brown ugly thing
 10461 | D:12     | Killed a brown ugly thing
 10479 | D:12     | Noticed a centaur warrior
 10484 | D:12     | Killed a centaur warrior
 10541 | D:12     | Noticed a two-headed ogre
 10541 | D:12     | Noticed a two-headed ogre
 10542 | D:12     | Noticed an ogre mage
 10542 | D:12     | Noticed a two-headed ogre
 10542 | D:12     | Noticed a two-headed ogre
 10546 | D:12     | Killed a two-headed ogre
 10554 | D:12     | Paralysed by an ogre mage for 2 turns
 10556 | D:12     | Killed a two-headed ogre
 10779 | D:12     | Noticed a purple ugly thing
 10788 | D:12     | Reached XP level 12. HP: 105/112 MP: 15/17
 10936 | D:12     | Killed a two-headed ogre
 10941 | D:12     | Killed a two-headed ogre
 10947 | D:12     | Killed an ogre mage
 11159 | D:12     | Found Xoppeaj's Weapon Shop.
 11947 | D:13     | Noticed a tengu warrior
 11961 | D:13     | Killed a tengu warrior
 12023 | D:13     | Noticed an eight-headed hydra
 12030 | D:13     | Killed an eight-headed hydra
 12135 | D:13     | Noticed a two-headed ogre
 12141 | D:13     | Killed a two-headed ogre
 12168 | D:13     | Identified the +6 plate armour of Shielding {Int+8 Dex+3
                  | Stlth-}
 12182 | D:13     | Noticed an eight-headed hydra
 12198 | D:13     | Killed an eight-headed hydra
 12644 | D:13     | Reached skill level 15 in Throwing
 12751 | D:13     | Noticed Lodul
 12764 | D:13     | Killed Lodul
 12847 | D:13     | Noticed a frost giant
 12847 | D:13     | Noticed a tengu reaver
 12847 | D:13     | Noticed an ettin
 12848 | D:13     | Found a runed translucent door.
 12998 | D:13     | Reached XP level 13. HP: 47/122 MP: 18/18
 13414 | D:13     | Found a gate to the Vaults.
 14076 | Abyss:2  | Cast into level 2 of the Abyss (a wizard)
 14103 | Abyss:2  | Noticed a starcursed mass
 14117 | Abyss:2  | Paralysed by accursed screaming for 1 turns
 14462 | Abyss:2  | Paralysed by a great orb of eyes for 3 turns
 14464 | Abyss:2  | Noticed a daeva
 14471 | Abyss:2  | Reached skill level 10 in Invocations
 14514 | Abyss:2  | Noticed a green very ugly thing
 14518 | Abyss:2  | Noticed a green very ugly thing
 14524 | Abyss:2  | Killed a green very ugly thing
 14526 | Abyss:2  | Killed a green very ugly thing
 14763 | D:14     | Escaped the Abyss
 14858 | D:14     | Identified the +11 falchion of Starshine {flame, rPois rC-
                  | rCorr Dex+2}
 14925 | D:14     | Identified a scroll of acquirement
 14925 | D:14     | Acquired a manual of Maces & Flails
 15169 | D:14     | Found a portal to a secret trove of treasure.
 15269 | D:15     | Entered Level 15 of the Dungeon
 15278 | D:15     | Reached skill level 1 in Dodging
 15282 | D:15     | Noticed a fire dragon
 15303 | D:15     | Killed a fire dragon
 15357 | D:15     | Paralysed by an ogre mage for 5 turns
 15775 | Lair:1   | Entered Level 1 of the Lair of Beasts
 15831 | Lair:1   | Identified the +8 morningstar "Giantbane" {vorpal, Dex+7}
 15982 | Lair:1   | Reached XP level 14. HP: 132/132 MP: 20/20
 16503 | Lair:1   | Reached skill level 10 in Armour
 16785 | Lair:2   | Found a dark tunnel.
 16796 | Volcano  | Entered a volcano
 16938 | Volcano  | Reached skill level 15 in Maces & Flails
 17103 | Lair:2   | Reached ***** piety under Qazlal
 17126 | Lair:2   | Noticed Nergalle
 17139 | Lair:2   | Killed Nergalle
 17620 | Lair:2   | Noticed Sonja
 17632 | Lair:2   | Killed Sonja
 18063 | Lair:2   | Lost mutation: You have sharp toenails. [potion of
                  | mutation]
 18063 | Lair:2   | Lost mutation: You have sharp fingernails. [potion of
                  | mutation]
 18063 | Lair:2   | Lost mutation: You are partially covered in iridescent
                  | scales. (AC +2) [potion of mutation]
 18063 | Lair:2   | Gained mutation: Your flesh is cold resistant. (rC+)
                  | [potion of mutation]
 18063 | Lair:2   | Gained mutation: You are strong-willed. (Will+) [potion of
                  | mutation]
 18063 | Lair:2   | Gained mutation: Your mind is acute. (Int +4, Str/Dex -1)
                  | [potion of mutation]
 18064 | Lair:2   | Lost mutation: Your mind is acute. (Int +4, Str/Dex -1)
                  | [potion of mutation]
 18064 | Lair:2   | Lost mutation: You are strong-willed. (Will+) [potion of
                  | mutation]
 18064 | Lair:2   | Lost mutation: Your flesh is cold resistant. (rC+) [potion
                  | of mutation]
 18064 | Lair:2   | Gained mutation: You have large cloven feet. [potion of
                  | mutation]
 18064 | Lair:2   | Gained mutation: You are somewhat resistant to further
                  | mutation. [potion of mutation]
 18394 | Lair:3   | Found a large runed translucent door.
 18395 | Lair:3   | Found a large runed translucent door.
 18396 | Lair:3   | Noticed Tutadwiozxu's ghost (journeyman DsDe)
 18410 | Lair:3   | Found a staircase to the Shoals.
 18682 | Lair:3   | Noticed Nessos
 18688 | Lair:3   | Found a hole to the Spider Nest.
 18712 | Lair:3   | Killed Nessos
 19108 | Lair:3   | Killed Tutadwiozxu's ghost
 20227 | Lair:5   | Entered Level 5 of the Lair of Beasts
 20260 | Lair:5   | Reached ****** piety under Qazlal
 20344 | Lair:5   | Reached skill level 5 in Dodging
 20368 | Lair:5   | Reached skill level 15 in Fighting
 20373 | Lair:5   | Reached XP level 15. HP: 47/141 MP: 22/22
 21042 | Lair:5   | Got the Guidebook on Summoning
 21473 | Lair:5   | Found a viscous altar of Jiyva.
 21473 | Lair:5   | Found a staircase to the Slime Pits.
 21786 | Orc:1    | Entered Level 1 of the Orcish Mines
 21786 | Orc:1    | Found Gyph's Distillery.
 21863 | Orc:1    | You fall into a shaft and drop 1 floor!
 21863 | Orc:2    | Entered Level 2 of the Orcish Mines
 21888 | Orc:2    | Paralysed by an orc sorcerer for 5 turns
 21900 | Orc:2    | Found Naosm's Weapon Emporium.
 21900 | Orc:2    | Found Ydym's Distillery.
 22350 | Orc:2    | Found a staircase to the Elven Halls.
 22351 | Orc:2    | Found Fibewnit's Vocational Training.
 22373 | Orc:2    | Bought a manual of Invocations for 960 gold pieces
 22922 | Orc:2    | Found Ruruk's Antique Armour Emporium.
 22923 | Orc:2    | Found Caifaf's Magic Scroll Boutique.
 22931 | Orc:2    | Bought a potion of haste for 130 gold pieces
 22931 | Orc:2    | Bought 2 potions of heal wounds for 130 gold pieces
 22943 | Orc:2    | Bought 3 scrolls of fog for 156 gold pieces
 22943 | Orc:2    | Bought a scroll of identify for 26 gold pieces
 22943 | Orc:2    | Bought a scroll of identify for 26 gold pieces
 22943 | Orc:2    | Bought a scroll of magic mapping for 97 gold pieces
 22943 | Orc:2    | Bought a scroll of identify for 26 gold pieces
 22943 | Orc:2    | Bought a scroll of enchant armour for 97 gold pieces
 22951 | Orc:2    | Bought a pair of fine boots for 161 gold pieces
 22951 | Orc:2    | Identified the +2 pair of boots of the Toothy God {rN++
                  | Str+2} (You bought it in a shop on level 2 of the Orcish
                  | Mines)
 22951 | Orc:2    | Bought a pair of embroidered gloves for 127 gold pieces
 24503 | D:15     | Found a staircase to the Depths.
 24678 | Depths:1 | Entered Level 1 of the Depths
 24710 | Depths:1 | Reached XP level 16. HP: 145/151 MP: 24/24
 24744 | Depths:1 | Found a one-way gateway to a ziggurat.
 25317 | Shoals:1 | Entered Level 1 of the Shoals
 25998 | Shoals:1 | Identified the +11 shortbow of the Witching Augurer
                  | {freeze, +Blink rF++ rN+ Str-4}
 26039 | Shoals:1 | Found Jujiqugg's Distillery.
 26384 | Shoals:2 | Reached skill level 15 in Armour
 26659 | Shoals:2 | Got the Verses on the Cankerous Caves
 26762 | Shoals:2 | Noticed Polyphemus
 26812 | Shoals:2 | Killed Polyphemus
 28034 | Shoals:3 | Noticed Bai Suzhen
 28056 | Shoals:3 | Killed Bai Suzhen
 28680 | Shoals:4 | Entered Level 4 of the Shoals
 29223 | Shoals:4 | Reached XP level 17. HP: 160/160 MP: 21/26
 30396 | Shoals:4 | Identified the amulet "Neroucat" {RegenMP Fly Will+ Str+5
                  | Stlth-}
 30561 | Shoals:4 | Got a barnacled rune of Zot
 30906 | Shoals:4 | Got Zaamnur's Directory of the Traveller
 30992 | Shoals:4 | Learned a level 4 spell: Manifold Assault
 31868 | D:7      | Killed ryw's ghost
 32048 | D:9      | Killed JoshKwa's ghost
 32340 | D:13     | Identified the +8 chain mail "Acyptiacw" {rElec Int+2}
 32697 | Spider:1 | Entered Level 1 of the Spider Nest
 34015 | Spider:1 | Lost mutation: You are somewhat resistant to further
                  | mutation. [potion of mutation]
 34015 | Spider:1 | Lost mutation: You have large cloven feet. [potion of
                  | mutation]
 34015 | Spider:1 | Gained mutation: You have sharp toenails. [potion of
                  | mutation]
 34015 | Spider:1 | Gained mutation: Your mind is acute. (Int +4, Str/Dex -1)
                  | [potion of mutation]
 34016 | Spider:1 | Lost mutation: Your mind is acute. (Int +4, Str/Dex -1)
                  | [potion of mutation]
 34016 | Spider:1 | Lost mutation: You have sharp toenails. [potion of
                  | mutation]
 34016 | Spider:1 | Gained mutation: Your magical capacity is low. (-10% MP)
                  | [potion of mutation]
 34016 | Spider:1 | Gained mutation: Your system is resistant to poisons.
                  | (rPois) [potion of mutation]
 34016 | Spider:1 | Gained mutation: Your flesh is heat resistant. (rF+)
                  | [potion of mutation]
 34082 | Spider:2 | Reached skill level 15 in Invocations
 35385 | Spider:2 | Reached skill level 10 in Dodging
 35675 | Spider:2 | Reached XP level 18. HP: 117/170 MP: 0/25
 37700 | Spider:4 | Entered Level 4 of the Spider Nest
 38716 | Spider:4 | Identified the +0 leather armour "Qanadua" {+Blink Str+7
                  | Dex+3}
 39508 | Spider:4 | Got a gossamer rune of Zot
 40049 | Elf:1    | Entered Level 1 of the Elven Halls
 40101 | Elf:1    | Paralysed by an air elemental for 1 turns
 40385 | Elf:1    | Noticed Agnes
 40395 | Elf:1    | Killed Agnes
 41798 | Elf:2    | Noticed Asterion
 41814 | Elf:2    | Killed Asterion
 41815 | Elf:2    | Reached XP level 19. HP: 56/175 MP: 27/27
 42112 | Elf:2    | Paralysed by an air elemental for 1 turns
 42221 | Elf:2    | Paralysed by an air elemental for 1 turns
 42485 | Elf:2    | Found a runed translucent gate.
 42486 | Elf:2    | Found a runed translucent gate.
 42486 | Elf:2    | Found a runed translucent gate.
 42525 | Elf:3    | Entered Level 3 of the Elven Halls
 43075 | Elf:3    | Paralysed by an air elemental for 1 turns
 43800 | Elf:3    | Reached skill level 10 in Shields
 43809 | Elf:3    | Noticed a Brimstone Fiend
 44284 | Elf:3    | Noticed Louise
 44308 | Elf:3    | Killed Louise
 44395 | Elf:3    | Identified the +8 hand axe of the Traitor {flame, rCorr}
 44396 | Elf:3    | Identified the +1 robe of Ymnys Lioff {rF+ Will+}
 44483 | Elf:3    | Identified the +2 arbalest of Cataclysm {vorpal, Int+5}
 44483 | Elf:3    | Identified the +6 sling of the Gazing Tiger {speed, rElec
                  | Str+5 SInv}
 44745 | Abyss:3  | Cast into level 3 of the Abyss (a deep elf sorcerer)
 45107 | Elf:3    | Escaped the Abyss
 45474 | Elf:3    | Identified the +0 morningstar of Tenacity {drain, Str+4
                  | Int+2 Stlth+}
 45517 | Elf:3    | Identified the +0 crystal plate armour of the Disturbing
                  | Demons {Str+4}
 45520 | Elf:3    | Identified the +1 plate armour of Ikeoxtew {+Inv MP-9 SInv}
 46025 | Elf:2    | Reached XP level 20. HP: 95/189 MP: 28/28
 47271 | Depths:1 | Paralysed by a vampire knight for 5 turns
 47642 | Depths:1 | Found Heoh's Book Boutique.
 47643 | Depths:1 | Found Jaubutt's Jewellery Shoppe.
 47643 | Depths:1 | Found Jiudowom's Jewellery Shoppe.
 47864 | Depths:1 | Found a gateway to Hell.
 48065 | Depths:1 | Found Beoxunos's Blood Bar.
 48731 | Depths:2 | Found a shimmering blue altar of Sif Muna.
 48733 | Depths:2 | Found a one-way gate leading to the halls of Pandemonium.
 48754 | Depths:2 | Identified the +0 leather armour of Supple Strength {rPois}
 49807 | Depths:2 | Noticed a golden dragon
 50429 | Depths:1 | Killed a golden dragon
 51183 | Vaults:1 | Entered Level 1 of the Vaults
 51391 | Vaults:1 | Found a magical portal.
 51400 | WizLab   | Entered Alistair's Party Mansion
 51412 | WizLab   | Reached XP level 21. HP: 185/199 MP: 29/29
 51447 | Abyss:3  | Cast into level 3 of the Abyss (a wizard)
 51559 | Abyss:3  | Paralysed by accursed screaming for 1 turns
 51576 | Abyss:3  | Reached skill level 15 in Shields
 51576 | Abyss:3  | Reached XP level 22. HP: 95/207 MP: 28/30
 51655 | WizLab   | Escaped the Abyss
 51998 | WizLab   | Noticed a golden dragon
 52010 | WizLab   | Noticed a golden dragon
 52352 | WizLab   | Got the Precepts of Filth and Sculpting
 52354 | WizLab   | Got the Tome of Transmutation
 52590 | Vaults:1 | Acquired a manual of Evocations
 53142 | Vaults:1 | Identified the +5 spear "Ixuotiomudd" {venom, rPois SInv}
 53174 | Vaults:1 | Got the Monograph on Changing
 54159 | Vaults:2 | Found Guczeon's Antique Armour Emporium.
 54294 | Vaults:2 | Found a flickering gateway to a bazaar.
 54305 | Bazaar   | Entered a bazaar
 54511 | Bazaar   | Found Juagelle's Book Emporium.
 54527 | Bazaar   | Found Qyikk's Distillery.
 54527 | Bazaar   | Found Zalop's Magic Scroll Emporium.
 54538 | Bazaar   | Bought a potion of heal wounds for 50 gold pieces
 54538 | Bazaar   | Bought a potion of curing for 30 gold pieces
 54549 | Bazaar   | Found Leagaz's Armour Shoppe.
 54549 | Bazaar   | Found Legriuf's General Store.
 54554 | Bazaar   | Bought a scroll of brand weapon for 123 gold pieces
 54554 | Bazaar   | Bought 2 scrolls of teleportation for 78 gold pieces
 54631 | Bazaar   | Bought 2 scrolls of teleportation for 78 gold pieces
 54661 | Bazaar   | Bought 4 atropa-tipped darts for 31 gold pieces
 54661 | Bazaar   | Bought a potion of invisibility for 104 gold pieces
 54661 | Bazaar   | Bought 6 atropa-tipped darts for 46 gold pieces
 54679 | Bazaar   | Bought a scroll of magic mapping for 97 gold pieces
 54679 | Bazaar   | Bought a scroll of fog for 52 gold pieces
 54679 | Bazaar   | Bought a scroll of fog for 52 gold pieces
 54685 | Bazaar   | Bought a potion of might for 40 gold pieces
 54685 | Bazaar   | Bought 2 potions of haste for 200 gold pieces
 54685 | Bazaar   | Bought a potion of might for 40 gold pieces
 54871 | D:14     | You paid a toll of 17 scrolls of teleportation to enter a
                  | treasure trove
 54872 | Trove    | Entered a treasure trove
 54898 | Trove    | Identified the +0 pair of boots "Wymifiur" {rF- rN++ Str+8
                  | Int-4}
 54910 | Trove    | Identified the +1 pair of gloves of a wizard's laboratory
                  | {Contam rC+ rCorr Dex+4}
 54939 | Trove    | Lost mutation: Your magical capacity is low. (-10% MP)
                  | [potion of mutation]
 54939 | Trove    | Lost mutation: Your system is resistant to poisons. (rPois)
                  | [potion of mutation]
 54939 | Trove    | Lost mutation: Your flesh is heat resistant. (rF+) [potion
                  | of mutation]
 54939 | Trove    | Gained mutation: Your flesh is heat resistant. (rF+)
                  | [potion of mutation]
 54939 | Trove    | Gained mutation: Your muscles are strong. (Str +4, Int/Dex
                  | -1) [potion of mutation]
 54939 | Trove    | Gained mutation: You are partially covered in iridescent
                  | scales. (AC +2) [potion of mutation]
 55229 | Vaults:2 | Noticed Aizul
 55242 | Vaults:2 | Killed Aizul
 56200 | Vaults:2 | Found a staircase to the Crypt.
 56453 | Vaults:3 | Identified the +12 chain mail of Gestures {Str+4}
 56539 | Vaults:3 | Reached XP level 23. HP: 217/217 MP: 34/34
 57041 | Vaults:3 | Found Kaeffuaj's Antique Armour Boutique.
 57238 | Vaults:3 | Reached skill level 27 in Maces & Flails
 59569 | Vaults:5 | Entered Level 5 of the Vaults
 60817 | Depths:2 | Reached XP level 24. HP: 227/227 MP: 34/34
 60827 | Depths:2 | Found a glowing golden altar of the Shining One.
 60885 | Depths:2 | Found a burning altar of Makhleb.
 61073 | Depths:2 | Identified the +2 pair of boots of the Saviour {+Inv Dex+4}
 61318 | Depths:2 | Found a shimmering altar of Xom.
 61448 | Depths:3 | Reached XP level 25. HP: 197/237 MP: 34/34
 61729 | Depths:3 | Identified the +6 quarterstaff "Hiky" {freeze, rElec rPois
                  | Dex-2 Stlth+}
 61830 | Depths:3 | Found a sparkling altar of Nemelex Xobeh.
 62391 | Depths:3 | Found a one-way gate to the infinite horrors of the Abyss.
 62473 | Depths:3 | Lost intelligence.
 62710 | Depths:4 | Entered Level 4 of the Depths
 62729 | Depths:4 | Paralysed by a floating eye for 2 turns
 63054 | Depths:4 | Found a gate to the Realm of Zot.
 63303 | Depths:4 | Identified the +0 scale mail of the Earth {Harm}
 63928 | Hell     | Entered the Vestibule of Hell
 63928 | Hell     | Noticed Geryon
 63944 | Hell     | Noticed Murray
 64932 | Vaults:5 | Noticed an ancient lich
 65672 | Vaults:4 | Reached XP level 26. HP: 53/250 MP: 34/34
 66000 | Vaults:4 | Killed an ancient lich
 66203 | Vaults:5 | Noticed an ancient lich
 66206 | Vaults:5 | Killed an ancient lich
 66502 | Vaults:5 | Got a silver rune of Zot
 66533 | Vaults:5 | Noticed a dread lich
 66541 | Vaults:5 | Killed a dread lich
 66639 | Vaults:5 | Noticed a dread lich
 66648 | Vaults:5 | Killed a dread lich
 66851 | Vaults:5 | Identified the ring of Dithmenos's Supremacy {rElec rPois
                  | rN+ Str+6}
 67511 | Crypt:1  | Entered Level 1 of the Crypt
 67618 | Crypt:1  | Upgraded the game from 0.30-a0-465-g8901f6c8b5 to
                  | 0.30-a0-469-g84de5afbc5
 69252 | Crypt:2  | Got the Incunabulum of Enchantment
 69419 | Crypt:3  | Entered Level 3 of the Crypt
 70238 | Crypt:3  | Identified the +0 robe of Virtue {Archmagi}
 70496 | Crypt:3  | Found a staircase to the Tomb.
 70677 | Crypt:3  | Identified the +1 leather armour "Xeijacik" {Contam rCorr
                  | Stlth+}
 71433 | Crypt:3  | Noticed a royal mummy
 71436 | Crypt:3  | Killed a royal mummy
 71437 | Crypt:3  | Reached XP level 27. HP: 249/264 MP: 34/34
 72117 | Crypt:3  | Got Hebuchooja's Codex of the Undead
 72538 | Depths:4 | Killed Murray
 72740 | Hell     | Killed Geryon
 72807 | Hell     | Reached skill level 27 in Shields
 72985 | Hell     | Found a gateway to the freezing wastes of Cocytus.
 73041 | Hell     | Found a gateway to the Iron City of Dis.
 73151 | Hell     | Found a gateway to the ashen valley of Gehenna.
 73269 | Hell     | Found a gateway to the decaying netherworld of Tartarus.
 73937 | Slime:1  | Entered Level 1 of the Pits of Slime
 73937 | Slime:1  | You are sucked into a shaft and drop 1 floor!
 74462 | Slime:2  | Noticed Dissolution
 74464 | Slime:2  | Gained mutation: You are clumsy. (Dex -2) [a shining eye]
 74482 | Slime:2  | Killed Dissolution
 74873 | Slime:3  | Gained mutation: You are occasionally teleported next to
                  | monsters. [a shining eye]
 75475 | Slime:4  | Lost mutation: You are clumsy. (Dex -2) [a shining eye]
 75479 | Slime:4  | Gained mutation: Your body sometimes deteriorates upon
                  | taking damage. [a shining eye]
 75590 | Slime:4  | Gained mutation: Armour fits poorly on your strangely
                  | shaped body. [a shining eye]
 75595 | Slime:3  | Gained mutation: Your spells are a little easier to cast,
                  | but a little less powerful. [a shining eye]
 75890 | Slime:5  | Entered Level 5 of the Pits of Slime
 76030 | Slime:5  | Noticed the Royal Jelly
 76030 | Slime:5  | Lost mutation: You are occasionally teleported next to
                  | monsters. [a shining eye]
 76702 | Slime:5  | Killed the Royal Jelly
 77029 | Slime:5  | Gained mutation: You occasionally shout uncontrollably at
                  | your foes. [a shining eye]
 77720 | Slime:5  | Got the Folio of Supportive Clay
 77738 | Slime:5  | Identified the +7 falchion of Kismet {protect, rCorr Str+4}
 77816 | Slime:5  | Got a slimy rune of Zot
 78753 | Zig:1    | Entered Level 1 of a ziggurat
 78781 | Zig:2    | Entered Level 2 of a ziggurat
 78781 | Zig:2    | Found the +5 sword of Power {vorpal}
 78803 | Zig:3    | Entered Level 3 of a ziggurat
 78861 | Zig:4    | Entered Level 4 of a ziggurat
 79122 | Zig:5    | Entered Level 5 of a ziggurat
 79166 | Zig:6    | Entered Level 6 of a ziggurat
 79220 | Zig:6    | Reached skill level 1 in Evocations
 79404 | Zig:6    | Identified the +7 leather armour "Zir Yker" {Harm *Corrode
                  | rElec Stlth+}
 79414 | Zig:7    | Entered Level 7 of a ziggurat
 79418 | Zig:7    | Noticed a royal mummy
 79427 | Zig:7    | Reached skill level 27 in Fighting
 79432 | Zig:7    | Killed a royal mummy
 79919 | Zig:7    | Identified the +1 leather armour "Kuliggai" {Rampage +Inv
                  | rF- Str+7}
 80035 | Depths:3 | Voluntarily entered the Abyss.
 80059 | Abyss:3  | Noticed a dread lich
 80066 | Abyss:3  | Killed a dread lich
 80226 | Abyss:3  | Gained mutation: You are clumsy. (Dex -2) [a neqoxec]
 80281 | Depths:3 | Escaped the Abyss
 80628 | Depths:3 | Voluntarily entered the Abyss.
 80674 | Abyss:3  | Noticed a juggernaut
 80686 | Abyss:3  | Killed a juggernaut
 80697 | Abyss:3  | Found a glowing golden altar of the Shining One.
 80729 | Abyss:3  | Got an abyssal rune of Zot
 80778 | Depths:3 | Escaped the Abyss
 80904 | Pan      | Entered Pandemonium
 80915 | Pan      | Reached skill level 5 in Evocations
 80975 | Pan      | Identified the +8 quarterstaff of Dividends {drain, rF+ rC+
                  | rCorr Int-2}
 81422 | Pan      | Noticed Udion the pandemonium lord
 81426 | Pan      | Killed Udion the pandemonium lord
 83118 | Pan      | Found a runed translucent door.
 83545 | Pan      | Noticed Hegg the pandemonium lord
 83550 | Pan      | Killed Hegg the pandemonium lord
 83693 | Pan      | Noticed Nycorgh the pandemonium lord
 83700 | Pan      | Killed Nycorgh the pandemonium lord
 83711 | Pan      | Reached skill level 10 in Evocations
 83715 | Pan      | HP: 7/273 [+3 demon blade of distortion (14)]
 83715 | Pan      | Demolished by a +3 demon blade of distortion

Illustrated notes

Levels and vault maps discovered:
D:1:      grunt_arrival_lava_bath, layout_loops_ring, serial_shops, shop,
          due_unseen_surprise
D:2:      layout_rooms, supply_closet_lemuel, uniq_terence
D:3:      layout_rooms, grunt_qazlal_sundering, ebering_ghost_reflecting_pool,
          kennysheep_generic_room_6
D:4:      layout_basic, temple_statues, serial_shops, nicolae_shop_trees,
          minmay_misc_feat_alley
D:5:      layout_cave_pools, chequers_jeans, chequers_garden,
          chequers_decorated_corner
D:6:      layout_loops_ring, portal_sewer_entry_a, chequers_mini_garden,
          sigmund_army, uniq_prince_ribbit1
D:7:      kennysheep_kobold_camp, layout_basic, serial_shops,
          nicolae_shop_advertising_works [nicolae_subvault_shop_adworks],
          gammafunk_ghost_grave, david_defended_altar_orc
D:8:      layout_loops_corners
D:9:      layout_stronghold, lair_entry_dummy, nzn_ghost_randoct, uniq_amaemon
D:10:     layout_cave_pools, nicolae_sif_muna_little_library, serial_shops,
          nicolae_take_the_stairs, uniq_maggie
D:11:     layout_irregular_city, orc_0_dummy, kiku_gazebo_pond_becter
D:12:     layout_gridville, serial_shops, kennysheep_mini_moat
D:13:     layout_rooms, hangedman_vaults_entry_quadrant_bands,
          kennysheep_treasure_room, uniq_lodul
D:14:     layout_gridville, minivault_19, nicolae_trove_entry_columns, drop_trap
D:15:     gammafunk_enter_depths_forms, layout_rooms
Lair:1:   layout_hall_layers, nicolae_lair_grove_arrangements, minivault_23,
          grunt_megastairs_1, serial_bayou_shore_b, infiniplex_staircase_pool
Lair:2:   layout_long_grid, enter_volcano_1, uniq_nergalle, uniq_sonja
Lair:3:   layout_regular_city, elwin_shoals_entry_rooms, spider_nest_entry_webs,
          ebering_ghost_disaster_area, serial_bayou_shore_a, grunt_megastairs_5,
          uniq_nessos
Lair:4:   layout_gridlike, eino_small_chamber_without_monster,
          roderic_carrion_pond
Lair:5:   minmay_lair_end_enchanted_forest, layout_misc_corridors,
          nicolae_slime_entry_slimehenge, grunt_megastairs_4
Shoals:1: layout_shoals, serial_shops, shop, dpeg_stationary_puzzle
Shoals:2: layout_shoals, uniq_polyphemus
Shoals:3: layout_shoals, uniq_bai_suzhen
Shoals:4: shoals_end_hangedman, layout_shoals, nicolae_shoals_undead_eyrie
Spider:1: nicolae_spider_hilbert_zone_4 [nicolae_spider_hilbert_4_sides_2_open,
          nicolae_spider_hilbert_4_sides_1_open,
          nicolae_spider_hilbert_4_sides_1_open,
          nicolae_spider_hilbert_4_sides_1_open,
          nicolae_spider_hilbert_4_sides_1_open,
          nicolae_spider_hilbert_2_sides_1_open,
          nicolae_spider_hilbert_2_sides_1_open,
          nicolae_spider_hilbert_2_sides_1_open,
          nicolae_spider_hilbert_2_sides_1_open,
          nicolae_spider_hilbert_6_sides_1_open,
          nicolae_spider_hilbert_6_sides_1_open,
          nicolae_spider_hilbert_3_sides_1_open,
          nicolae_spider_hilbert_3_sides_1_open], hangedman_spider_mandibles
Spider:2: layout_spider_delve, nicolae_spider_checkerboard
Spider:3: layout_spider_delve
Spider:4: grunt_spider_rune_parallel
Slime:1:  layout_caves
Slime:2:  layout_caves, uniq_dissolution
Slime:3:  layout_caves
Slime:4:  layout_caves
Slime:5
Orc:1:    layout_diamond_mine, serial_shops, shop
Orc:2:    st_orc_elflike, layout_diamond_mine, nicolae_shop_vocational
Elf:1:    elf_arrival_002, layout_onion_city, evilmike_minifort, st_stairs_3,
          lemuel_upstairs_altar, uniq_agnes
Elf:2:    nicolae_elf_blades_crystal_corner, layout_gridlike,
          chequers_hall_statues_wall_a, uniq_asterion
Elf:3:    minmay_elf_hall, layout_loops_corners, uniq_louise
Vaults:1: mu_enter_wizlab_4, nicolae_vaults_alarming, ontoclasm_vaults_hangar,
          v_misc_33, v_alt_pattern_6, dpeg_vaults_waves, v_misc_5,
          vaults_room_grunt_arrival_ludios, v_misc_2, layout_vaults_omnicross
Vaults:2: vaults_dpeg_diagonal, ontoclasm_vaults_fault,
          nicolae_vaults_network_periphery, vaults_dpeg_hooks,
          minmay_crypt_entry_simple_walls, vaults_room_corners,
          vaults_room_mumra_shop_pool, nicolae_vaults_specimen_jars,
          layout_vaults_big_room, serial_shops, bzr_entry_lakeside, uniq_aizul
Vaults:3: v_alt_pattern_6, v_misc_27, st_greater_box_5, v_misc_26, v_rooms_2,
          vaults_mumra_minichess_inversion, hangedman_vaults_trim,
          ontoclasm_vaults_pinch, ontoclasm_vaults_tryst,
          nicolae_vaults_little_squares_1, layout_vaults_omnibox, serial_shops,
          shop
Vaults:4: hangedman_vaults_corner_blocks, nicolae_vaults_network_star,
          v_misc_16, nicolae_vaults_network_quinsquares
          [nicolae_vaults_network_quincunx_subvault,
          nicolae_vaults_network_quincunx_subvault,
          nicolae_vaults_network_quincunx_subvault,
          nicolae_vaults_network_quincunx_subvault], v_misc_8,
          layout_vaults_quadrants
Vaults:5
Crypt:1:  layout_misc_corridors, grunt_ministairs_9
Crypt:2:  layout_regular_city, st_burial_chamber
Crypt:3:  due_elkab, layout_chaotic_city, nicolae_tomb_entry_grand_gallery
Depths:1: layout_gridlike, enter_ziggurat_a, grunt_hell_entry_dis_old,
          nicolae_figureground_pulse, guppyfry_shop_blood, minmay_shop_grove
Depths:2: grunt_profane_halls [grunt_profane_temple_tar,
          grunt_profane_temple_geh, grunt_profane_temple_dis,
          grunt_profane_temple_coc, grunt_profane_loot], hell_entry, pan_entry
Depths:3: evilmike_lava_path, layout_gridlike, pan_entry,
          nemelex_diamond_rough_becter, hell_entry, abyss_entry, uniq_margery
Depths:4: grunt_zot_entry_tricorne, layout_twisted_cross,
          grunt_decor_resistance, hell_entry
Hell
Pan:      grunt_pan_zigzag, layout_stronghold, rand_demon_9,
          layout_irregular_city, pan_disco_hall, layout_irregular_city

Skill      XL: |  1  2  3  4  5  6  7  8  9 10 11 12 13 14 15 16 17 18 19 20 21 22 23 24 25 26 27 |
---------------+----------------------------------------------------------------------------------+-----
Fighting       | 4 5 6 7 8 9 10 11 13 14 15 16 17 18 19 20 21 23 24 27 | 27.0
Maces & Flails | 3 4 5 6 8 9 10 11 12 14 17 19 21 22 23 24 25 26 27 | 27.0
Shields        | 4 5 6 7 9 11 14 15 17 21 24 26 27 | 27.0
Armour         | 4 5 6 9 12 14 16 17 18 22 | 22.4
Invocations    | 1 2 3 5 6 8 9 10 11 12 14 15 16 17 | 17.8
Throwing       | 3 8 11 13 15 16 17 18 20 21 22 | 22.5
Dodging        | 2 5 7 8 10 11 14 | 14.1
Evocations     | 10 | 10.0

Action                   |  1- 3 |  4- 6 |  7- 9 | 10-12 | 13-15 | 16-18 | 19-21 | 22-24 | 25-27 || total
-------------------------+-------+-------+-------+-------+-------+-------+-------+-------+-------++-------
Melee: Flail             |    75 |    47 |       |       |       |       |       |       |       ||   122
       Headbutt          |     7 |    19 |    51 |    97 |   320 |   343 |   223 |   254 |   505 ||  1819
       Whip              |       |    55 |   309 |   402 |  1321 |  1220 |   442 |       |       ||  3749
       Kick              |       |       |       |   105 |   402 |       |       |       |       ||   507
       Eveningstar       |       |       |       |       |       |       |   362 |   818 |  1859 ||  3039
Throw: Dart              |       |     6 |       |     3 |     2 |     2 |    67 |       |       ||    80
       Boomerang         |       |     1 |       |       |     2 |   618 |   422 |       |    65 ||  1108
Invok: Elemental Force   |       |       |       |     3 |     5 |     2 |     5 |     2 |    12 ||    29
       Upheaval          |       |       |       |       |     1 |    11 |     6 |     3 |     9 ||    30
       Disaster Area     |       |       |       |       |     2 |     7 |     1 |     5 |    10 ||    25
Evoke: Wand              |       |       |       |     2 |     3 |       |     2 |       |     1 ||     8
  Use: Scroll            |       |       |     7 |    10 |    14 |    11 |    21 |     9 |    19 ||    91
       Potion            |       |       |     2 |     1 |    13 |     9 |     3 |     8 |     5 ||    41
 Stab: Distracted        |       |       |       |     1 |       |       |     3 |       |     2 ||     6
       Paralysed         |       |       |       |       |     2 |       |     2 |       |    10 ||    14
       Petrified         |       |       |       |       |       |     4 |       |       |       ||     4
       Petrifying        |       |       |       |       |       |     3 |       |       |       ||     3
       Invisible         |       |       |       |       |       |     2 |       |       |       ||     2
Armor: Scale mail        |    52 |    24 |       |       |       |       |       |       |       ||    76
       Chain mail        |       |    28 |    93 |    95 |    13 |       |       |       |       ||   229
       Plate armour      |       |       |       |       |   335 |   705 |   367 |   244 |   520 ||  2171
Dodge: Dodged            |    49 |    19 |    68 |   115 |   278 |   644 |   234 |   237 |   468 ||  2112
       Repelled          |       |       |       |     3 |     8 |    13 |    10 |    10 |    26 ||    70
Block: Buckler           |    20 |    16 |    84 |   132 |   498 |   817 |     2 |       |       ||  1569
       Tower shield      |       |       |       |       |       |       |   815 |  1021 |  2441 ||  4277
       Kite shield       |       |       |       |       |       |       |    99 |       |       ||    99

Table legend: (Time is in decaauts)
 A = Elapsed time spent in this place.
 B = Non-inter-level travel time spent in this place.
 C = Inter-level travel time spent in this place.
 D = Time resting spent in this place.
 E = Time spent auto-exploring this place.
 F = Levels seen in this place.
 G = Mean time per level.
                   A        B        C        D        E       F      G
               +--------+--------+--------+--------+--------+-----+--------+
         Total |  81923 |  73730 |   8193 |  21128 |  37673 |  71 | 1153.8 |
       Dungeon |  18375 |  14642 |   3733 |   2180 |  10191 |  15 | 1225.0 |
          Lair |   5990 |   5360 |    630 |    473 |   4062 |   5 | 1198.0 |
        Shoals |   6194 |   5930 |    264 |   1717 |   3237 |   4 | 1548.5 |
   Spider Nest |   6824 |   6361 |    463 |   2981 |   2577 |   4 | 1706.0 |
    Slime Pits |   4297 |   4070 |    227 |   1673 |   1680 |   5 |  859.4 |
  Orcish Mines |   1731 |   1474 |    257 |    283 |    953 |   2 |  865.5 |
   Elven Halls |   6071 |   5627 |    444 |   1830 |   2387 |   3 | 2023.7 |
        Vaults |   9652 |   8534 |   1118 |   1466 |   5442 |   5 | 1930.4 |
         Crypt |   4677 |   4404 |    273 |   1696 |   1837 |   3 | 1559.0 |
        Depths |   9881 |   9112 |    769 |   4099 |   3127 |   4 | 2470.2 |
          Hell |    673 |    663 |     10 |    124 |    358 |   1 |  673.0 |
         Abyss |   1519 |   1519 |      0 |    540 |    161 |   5 |  303.8 |
   Pandemonium |   2714 |   2714 |      0 |    641 |   1148 |   3 |  904.7 |
      Ziggurat |   1202 |   1202 |      0 |    833 |     19 |   7 |  171.7 |
        Bazaar |    438 |    438 |      0 |    192 |     67 |   1 |  438.0 |
         Trove |     71 |     71 |      0 |      0 |      0 |   1 |   71.0 |
         Sewer |    378 |    378 |      0 |      0 |    183 |   1 |  378.0 |
       Volcano |    252 |    252 |      0 |      0 |    133 |   1 |  252.0 |
        Wizlab |    975 |    975 |      0 |    399 |    111 |   1 |  975.0 |
               +--------+--------+--------+--------+--------+-----+--------+

Top non-repeatable levels by time:
Depths:1: 3499 daAuts
Vaults:4: 3224 daAuts
Shoals:3: 2846 daAuts
Spider:1: 2737 daAuts
   Elf:3: 2620 daAuts
Depths:2: 2555 daAuts
    D:13: 2450 daAuts
 Crypt:3: 2217 daAuts
    D:12: 2025 daAuts
   Elf:2: 2016 daAuts
Depths:3: 1943 daAuts
Spider:4: 1923 daAuts
Depths:4: 1882 daAuts
     D:9: 1794 daAuts
Vaults:2: 1733 daAuts
